Map: Snowbound Colony

Players

Infamous - Winner!

  • Race: Protoss Protoss
  • League: Gold
  • Spawn Location: 7:00

juicy - Winner!

  • Race: Protoss Protoss
  • League: Silver
  • Spawn Location: 6:00

deeznutzs - Winner!

  • Race: Terran Terran
  • League: Silver
  • Spawn Location: 7:00

Namtho

  • Race: Protoss Protoss
  • League: Gold
  • Spawn Location: 12:00

MARCUZ

  • Race: Terran Terran
  • Spawn Location: 1:00

hercan

  • Race: Terran Terran
  • Spawn Location: 1:00

VOD

Have the link to the VOD?

Description

Time

  • Played on: April 24, 2018, 12:11 p.m.
  • Length: 14:30
Show
View Real Time Build Order
Export as new Build Order

Infamous Protoss - Winner!

Build Orders:  

Get SALT Encoding   

  12  0:01  Probe  
  13  0:13  Probe  
  14  0:19  Pylon  
  14  0:26  Probe  
  15  0:38  Gateway  
  15  0:39  Probe  
  16  0:47  Probe  
  17  0:59  Probe, Assimilator  
  18  1:07  Probe  
  18  1:10  Gateway  
  19  1:21  Probe  
  20  1:30  Cybernetics Core  
  20  1:33  Probe  
  20  1:37  Assimilator  
  20  1:39  Pylon  
  21  1:49  Probe  
  22  1:58  Warp Gate, Adept  
  22  2:01  Probe  
  23  2:07  Adept  
  27  2:13  Probe  
  28  2:24  Adept  
  28  2:28  Probe  
  28  2:29  Robotics Facility  
  31  3:19  Nexus  
  31  3:23  Pylon  
  31  3:41  Probe, Stalker x2  
  36  4:18  Probe  
  37  4:25  Gateway  
  37  4:27  Gateway  
  37  4:29  Probe  
  38  4:35  Observer  
  38  4:38  Twilight Council  
  39  4:41  Probe  
  41  4:45  Probe  
  41  4:50  Probe  
  42  5:00  Probe  
  42  5:02  Probe  
  42  5:05  Pylon  
  42  5:07  Forge  
  44  5:08  Immortal, Forge  
  44  5:09  Pylon  
  44  5:11  Pylon  
  48  5:16  Probe  
  48  5:20  Probe  
  50  5:24  Assimilator  
  50  5:27  Assimilator, Charge  
  50  5:31  Probe, Zealot x3  
  50  5:34  Probe  
  58  5:47  Pylon  
  58  6:06  Stalker x3  
  64  6:12  Protoss Ground Weapons Level 1  
  64  6:14  Probe  
  64  6:15  Probe  
  64  6:17  Immortal  
  70  6:25  Robotics Facility  
  70  6:27  Sentry  
  72  6:37  Templar Archives  
  72  6:38  Pylon  
  72  6:40  Adept x2  
  72  6:43  Sentry  
  78  6:55  Stalker  
  79  7:03  Probe x2  
  81  7:09  Pylon  
  81  7:13  Shield Battery  
  81  7:17  Stalker, Shield Battery  
  81  7:18  Stalker x2  
  87  7:31  Immortal, Stalker  
  93  7:47  Immortal  
  93  7:48  High Templar x2  
  93  7:55  Protoss Ground Armor Level 1  
  97  8:30  High Templar x2  
  101  8:43  Archon x2  
  101  8:45  Nexus  
  101  8:47  Pylon  
  101  8:48  Pylon  
  101  8:50  Pylon  
  101  8:55  Pylon  
  101  9:00  Pylon  
  101  9:01  Pylon  
  101  9:07  Pylon  
  101  9:09  Pylon  
  101  9:10  High Templar x2  
  101  9:11  High Templar  
  107  9:36  High Templar  
  109  9:43  Archon  
  109  9:48  Archon, Zealot x3  
  115  9:56  Gateway  
  115  9:58  Probe x3, Gateway  
  118  10:04  Gateway  
  118  10:06  Gateway, Assimilator, Protoss Ground Armor Level 2  
  118  10:10  Assimilator  
  118  10:17  Photon Cannon  
  118  10:19  Photon Cannon  
  118  10:22  Probe x2, Photon Cannon  
  118  10:24  Photon Cannon  
  118  10:26  Shield Battery  
  120  10:33  High Templar x4  
  128  11:00  Archon  
  128  11:03  Zealot x3  
  128  11:04  Zealot  
  136  11:06  Archon  
  92  11:27  High Templar  
  92  11:29  High Templar x3  
  92  11:32  Zealot x4  
  78  11:58  Archon x2  
  86  12:01  Immortal x2  
  82  12:16  Zealot x3  
  82  12:17  Zealot x2  
  82  12:18  Zealot x3  
  92  12:33  Immortal x2  
  100  12:52  Probe x3  
  103  13:14  High Templar  
  103  13:15  High Templar  
  103  13:16  Zealot  
  103  13:17  Zealot x5  
  119  13:29  Immortal x2  
  119  13:30  Probe x2  
  119  13:31  Probe  
  130  13:49  Stalker  
  130  13:50  Stalker x4  
  130  13:52  Zealot x3  
  150  14:15  Zealot x5  
Show
View Real Time Build Order
Export as new Build Order

juicy Protoss - Winner!

Build Orders:  

Get SALT Encoding   

  1  0:00  Probe  
  13  0:15  Probe  
  14  0:34  Pylon  
  14  0:49  Probe  
  15  0:56  Gateway  
  15  1:00  Forge  
  15  1:04  Pylon  
  15  1:17  Probe  
  16  1:37  Photon Cannon  
  16  1:42  Photon Cannon  
  16  1:49  Cybernetics Core  
  16  2:04  Probe  
  16  2:06  Nexus  
  19  2:15  Zealot  
  19  2:17  Probe  
  20  2:28  Assimilator  
  20  2:32  Assimilator  
  20  2:38  Pylon  
  20  2:40  Probe  
  21  2:55  Pylon  
  21  3:17  Zealot  
  23  3:26  Probe  
  23  3:28  Probe, Assimilator  
  25  3:34  Probe, Assimilator  
  25  3:40  Probe  
  27  3:44  Probe  
  26  3:51  Probe  
  27  3:56  Probe  
  27  3:59  Probe  
  28  4:05  Probe  
  28  4:07  Probe  
  30  4:13  Probe  
  30  4:16  Probe, Stargate  
  32  4:20  Stalker  
  32  4:24  Probe  
  35  4:25  Probe  
  37  4:32  Probe  
  37  4:37  Probe  
  39  4:44  Probe  
  40  4:49  Probe  
  41  4:55  Stalker  
  41  4:56  Probe  
  44  5:01  Probe  
  44  5:04  Probe  
  45  5:13  Probe x2  
  48  5:23  Probe  
  48  5:25  Probe  
  48  5:26  Fleet Beacon  
  50  5:35  Probe  
  51  5:37  Probe  
  52  5:47  Probe  
  52  5:49  Probe  
  44  6:01  Probe x2  
  44  6:04  Void Ray, Mothership  
  46  6:07  Stargate  
  46  6:09  Pylon  
  50  6:13  Probe  
  59  6:34  Stalker  
  61  6:47  Stargate  
  61  7:00  Nexus  
  61  7:06  Probe  
  61  7:14  Probe  
  63  7:29  Carrier  
  69  7:34  Pylon  
  69  7:37  Pylon  
  69  7:40  Pylon x2  
  69  7:43  Pylon  
  69  7:51  Carrier  
  69  7:56  Pylon  
  75  8:00  Pylon  
  75  8:02  Pylon  
  75  8:03  Pylon  
  75  8:11  Carrier  
  81  8:15  Stargate  
  81  8:45  Probe  
  81  8:50  Probe, Carrier  
  81  8:51  Carrier  
  81  8:53  Probe  
  83  8:58  Probe  
  97  9:03  Probe  
  97  9:08  Probe  
  98  9:15  Probe  
  100  9:20  Probe  
  101  9:25  Carrier  
  101  9:26  Carrier  
  101  9:27  Probe  
  102  9:32  Probe  
  115  9:54  Assimilator  
  115  9:55  Assimilator  
  115  9:57  Probe  
  115  10:04  Probe x2  
  115  10:05  Probe  
  118  10:13  Protoss Shields Level 1  
  119  10:14  Protoss Air Weapons Level 1  
  119  10:15  Probe  
  119  10:16  Probe x2  
  122  10:27  Probe, Cybernetics Core  
  123  10:28  Probe  
  123  10:29  Probe  
  123  10:31  Robotics Facility  
  125  10:39  Probe  
  125  10:40  Probe  
  125  10:41  Probe  
  128  10:45  Twilight Council  
  128  10:51  Nexus  
  128  10:53  Probe  
  129  11:01  Carrier x2  
  103  11:53  Carrier x2  
  111  12:27  Carrier x2  
  123  13:09  Assimilator  
  123  13:13  Assimilator  
  123  13:19  Pylon  
  135  13:20  Pylon  
  135  13:22  Pylon  
  135  13:24  Pylon  
Show
View Real Time Build Order
Export as new Build Order

deeznutzs Terran - Winner!

Build Orders:  

Get SALT Encoding   

  12  0:08  SCV  
  13  0:17  Supply Depot  
  13  0:20  SCV  
  14  0:32  SCV  
  15  0:46  SCV  
  15  0:49  Supply Depot  
  16  0:59  SCV  
  17  1:08  Refinery  
  17  1:11  SCV  
  18  1:26  SCV  
  18  1:31  Refinery  
  19  1:38  SCV  
  20  1:40  Supply Depot  
  20  1:50  SCV  
  21  2:03  SCV  
  21  2:06  Command Center  
  22  2:15  SCV  
  23  2:18  Barracks  
  23  2:27  SCV  
  24  2:48  Refinery  
  24  2:58  Engineering Bay  
  24  3:12  Marine, Factory  
  25  3:21  SCV  
  26  3:27  Supply Depot  
  26  3:30  Marine  
  26  3:33  SCV  
  28  3:35  Orbital Command  
  28  3:45  SCV  
  29  3:48  Marine  
  29  3:54  Supply Depot  
  30  3:57  SCV  
  31  4:06  Marine  
  33  4:10  SCV  
  33  4:11  Starport  
  33  4:22  SCV  
  33  4:24  Marine  
  34  4:25  Supply Depot  
  35  4:34  SCV  
  36  4:42  Marine  
  37  4:46  SCV  
  37  4:49  Command Center  
  38  4:55  Starport  
  38  4:57  Starport Tech Lab  
  38  4:58  SCV  
  38  4:59  Marine  
  39  5:02  Supply Depot  
  40  5:10  SCV  
  40  5:11  Fusion Core  
  41  5:16  Refinery  
  41  5:17  Marine  
  42  5:22  SCV  
  43  5:34  SCV, Starport Tech Lab  
  44  5:43  Starport  
  44  5:46  Supply Depot, SCV  
  45  5:59  Marine  
  46  6:08  SCV  
  47  6:12  SCV  
  47  6:16  Marine  
  49  6:20  SCV  
  49  6:24  SCV  
  51  6:28  Starport Reactor  
  51  6:32  SCV  
  52  6:33  Starport  
  52  6:34  Marine  
  52  6:37  SCV  
  52  6:39  Supply Depot  
  54  6:44  SCV  
  55  6:47  Battlecruiser  
  55  6:48  Battlecruiser  
  55  6:49  SCV  
  55  6:52  Marine  
  69  6:56  SCV  
  69  7:01  SCV  
  71  7:03  Refinery  
  71  7:05  Refinery  
  70  7:10  Marine  
  70  7:13  SCV  
  69  7:25  SCV  
  68  7:37  SCV  
  69  8:05  Starport Tech Lab  
  69  8:10  Supply Depot  
  69  8:21  Starport  
  69  8:24  SCV  
  70  8:36  SCV  
  70  8:40  Battlecruiser x3  
  89  8:46  Supply Depot  
  89  8:48  SCV  
  90  9:01  SCV  
  91  9:09  Starport Tech Lab  
  91  9:13  SCV  
  92  9:25  SCV  
  92  9:28  Refinery  
  92  9:31  Refinery  
  93  9:33  Battlecruiser  
  93  9:37  SCV  
  100  9:44  Battlecruiser x2  
  112  9:48  Command Center  
  112  9:49  SCV  
  113  9:56  Refinery  
  113  10:01  SCV, Refinery  
  114  10:10  Battlecruiser  
  114  10:12  Viking x2  
  114  10:13  SCV  
  125  10:25  SCV  
  126  10:29  Supply Depot  
  126  10:37  SCV  
  126  10:42  Viking x2  
  129  10:49  SCV  
  132  11:12  Viking  
  134  11:32  Battlecruiser x4  
  158  11:56  Armory  
  158  12:00  Armory  
  143  12:36  Battlecruiser x3  
  131  13:22  Battlecruiser  
Show
View Real Time Build Order
Export as new Build Order

Namtho Protoss 

Build Orders: Cannon Rush 

Get SALT Encoding   

  12  0:18  Probe  
  12  0:21  Pylon  
  12  0:26  Probe  
  14  0:42  Forge  
  14  0:44  Probe  
  15  0:57  Probe  
  15  1:26  Photon Cannon  
  15  1:28  Photon Cannon  
  15  1:32  Photon Cannon  
  15  1:38  Gateway  
  15  1:42  Probe  
  16  1:47  Pylon  
  16  1:50  Probe  
  16  2:00  Probe  
  18  2:20  Assimilator  
  18  2:24  Assimilator  
  18  2:33  Probe  
  19  2:41  Probe  
  19  2:47  Nexus  
  19  2:50  Probe, Photon Cannon  
  20  2:57  Assimilator  
  21  3:02  Assimilator  
  21  3:28  Photon Cannon  
  21  3:30  Photon Cannon  
  21  3:37  Probe  
  22  3:49  Cybernetics Core  
  22  3:53  Probe  
  22  4:01  Probe x2  
  23  4:09  Probe  
  25  4:11  Probe  
  27  4:18  Probe  
  27  4:23  Probe  
  29  4:25  Cybernetics Core  
  29  4:31  Pylon  
  29  4:34  Probe  
  29  4:36  Pylon  
  30  4:42  Probe  
  30  4:44  Pylon  
  30  4:51  Probe  
  30  4:52  Probe  
  33  5:03  Probe  
  33  5:04  Probe  
  35  5:10  Twilight Council  
  35  5:15  Probe, Stargate  
  36  5:29  Probe  
  37  5:37  Probe  
  38  5:46  Probe  
  39  5:59  Probe  
  40  6:05  Assimilator  
  40  6:07  Probe  
  40  6:10  Assimilator  
  41  6:11  Nexus  
  41  6:15  Probe  
  41  6:25  Probe, Fleet Beacon  
  42  6:32  Pylon  
  43  6:33  Pylon  
  43  6:37  Pylon, Probe  
  44  6:40  Pylon  
  44  6:43  Pylon x2  
  44  6:45  Probe  
  44  6:47  Pylon  
  44  6:53  Probe  
  46  7:03  Probe  
  46  7:04  Stargate  
  46  7:07  Stargate  
  47  7:10  Stargate  
  47  7:11  Stargate  
  47  7:13  Stargate  
  47  7:14  Probe  
  48  7:23  Probe, Mothership  
  49  7:31  Probe  
  58  7:42  Probe  
  59  7:56  Carrier  
  59  7:58  Carrier  
  71  8:03  Carrier  
  77  8:23  Carrier  
  83  8:46  Graviton Catapult  
  83  8:47  Protoss Air Weapons Level 1  
  83  8:49  Protoss Air Armor Level 1  
  83  9:13  Carrier  
  83  9:16  Carrier  
  95  9:40  Robotics Facility  
  95  9:46  Carrier  
  101  10:07  Carrier  
  101  10:12  Carrier  
  113  10:20  Protoss Shields Level 1  
  113  10:40  Assimilator  
  113  10:46  Assimilator  
  113  10:54  Carrier  
  113  10:55  Carrier  
  81  11:54  Carrier  
  81  12:29  Nexus  
Show
View Real Time Build Order
Export as new Build Order

MARCUZ Terran 

Build Orders: MMM Bio 

Get SALT Encoding   

  12  0:14  SCV  
  13  0:18  Supply Depot  
  13  0:26  SCV  
  14  0:29  Refinery  
  14  0:38  SCV  
  15  0:45  Barracks  
  15  0:50  SCV  
  16  1:02  SCV  
  17  1:08  Barracks  
  17  1:14  SCV  
  18  1:22  Supply Depot  
  18  1:27  SCV  
  19  1:38  Barracks Reactor  
  19  1:39  SCV  
  20  1:55  Factory  
  20  2:02  SCV  
  20  2:08  Refinery  
  21  2:16  Supply Depot, SCV  
  21  2:17  Barracks Reactor  
  22  2:23  Marine x2  
  24  2:30  SCV  
  25  2:52  Starport  
  25  2:55  Marine x2  
  25  2:56  Marine x2  
  29  3:03  Engineering Bay  
  29  3:10  Orbital Command  
  29  3:17  Marine x2  
  31  3:21  Marine  
  31  3:24  Marine  
  33  3:33  Supply Depot  
  33  3:39  Medivac  
  33  3:41  Marine  
  36  3:55  Supply Depot  
  36  3:57  Marine x2  
  36  3:58  Marine  
  39  4:03  Factory Tech Lab  
  39  4:12  Barracks  
  39  4:14  Medivac  
  41  4:17  SCV  
  42  4:31  Marine x2  
  42  4:32  Marine x2  
  42  4:37  SCV  
  47  4:41  Missile Turret  
  47  4:47  Supply Depot  
  47  4:50  Terran Infantry Weapons Level 1  
  47  4:53  Starport Reactor  
  47  5:06  Barracks Reactor  
  47  5:09  Barracks Tech Lab  
  47  5:21  Command Center  
  47  5:27  Supply Depot  
  45  6:10  Marauder  
  47  6:13  Marine x2, Stimpack  
  47  6:14  Marine x2  
  47  6:16  Medivac x2  
  55  6:19  Siege Tank  
  55  6:23  Supply Depot  
  58  6:32  Marauder  
  60  6:47  Refinery x2  
  60  6:57  Sensor Tower  
  60  7:05  Marine  
  60  7:06  Marine, Marauder  
  64  7:20  Medivac  
  66  7:24  Marine x2  
  66  7:27  Marauder  
  70  7:48  Marauder  
  71  8:07  Orbital Command  
  71  8:14  SCV  
  71  8:17  Marine x3  
  71  8:18  Marine, Combat Shields, Marauder  
  78  8:21  Terran Infantry Armor Level 1  
  78  8:26  SCV  
  78  8:27  Supply Depot  
  79  8:29  Medivac x2  
  83  8:38  SCV  
  83  8:39  Marauder  
  86  8:50  Supply Depot  
  86  9:00  Marauder  
  88  9:03  Medivac  
  88  9:04  Medivac  
  88  9:05  Marine  
  88  9:06  Marine x2  
  88  9:08  SCV  
  96  9:12  Supply Depot  
  96  9:19  Starport  
  96  9:22  Marauder  
  96  9:23  SCV  
  99  9:35  SCV  
  99  9:38  Marine x2  
  102  9:40  Viking  
  102  9:43  Marauder  
  106  9:58  SCV  
  107  10:05  Marauder  
  109  10:09  Supply Depot  
  109  10:10  SCV  
  109  10:13  Starport Reactor  
  110  10:14  Viking x2  
  114  10:22  Armory  
  114  10:26  Marauder  
  116  10:32  Supply Depot  
  116  11:00  Viking x2  
  116  11:01  Viking  
  116  11:02  Viking  
  116  11:03  Marine x2  
  128  11:04  Marine x2, Marauder  
  105  11:25  Marauder  
  100  11:34  Marine x4  
  76  11:47  Marauder  
  76  11:51  Marine  
  76  11:52  Marine x3  
  80  11:59  Missile Turret  
  80  12:00  Missile Turret  
  80  12:03  Missile Turret  
  80  12:06  Viking  
  80  12:07  Marine  
  83  12:09  Marine x2  
  83  12:10  Marine  
  37  12:30  Marine x5  
  37  12:33  Viking x2  
  37  12:39  Viking  
  30  12:58  Marine x2  
  12  13:33  Missile Turret  
  12  13:36  Missile Turret  
  12  13:40  Missile Turret  
  12  13:42  Missile Turret  
  12  13:46  Marine x3  
  17  13:48  Viking  
  17  13:49  Viking  
  23  14:01  Missile Turret  
  23  14:02  Missile Turret  
  23  14:04  Marine x2  
Show
View Real Time Build Order
Export as new Build Order

hercan Terran 

Build Orders:  

Get SALT Encoding   

  12  0:01  SCV  
  13  0:17  Supply Depot  
  13  0:18  SCV  
  14  0:32  SCV  
  14  0:33  Refinery  
  15  0:51  Barracks  
  15  0:54  SCV  
  16  1:06  SCV  
  17  1:18  SCV  
  17  1:24  Engineering Bay  
  18  1:30  SCV  
  18  1:32  Refinery  
  19  1:42  SCV  
  19  1:45  Supply Depot  
  20  1:48  Barracks Reactor  
  20  1:55  SCV  
  21  2:07  SCV  
  22  2:16  Factory  
  22  2:19  SCV  
  23  2:31  SCV  
  24  2:43  SCV  
  25  2:44  Reaper  
  25  2:45  Reaper  
  27  3:09  Command Center  
  27  3:21  Starport  
  27  3:25  Factory Tech Lab  
  27  3:28  Marine x2  
  29  3:46  Marine x2  
  30  4:12  Marine  
  31  4:17  Supply Depot  
  31  4:21  Marine, Medivac  
  34  4:29  Marine  
  35  4:38  Marine  
  35  4:40  Supply Depot  
  36  4:46  Factory Tech Lab  
  36  4:51  Medivac  
  38  4:57  SCV  
  39  5:09  SCV  
  40  5:21  Barracks, SCV  
  40  5:23  Terran Infantry Weapons Level 1  
  40  5:46  Stimpack  
  40  5:47  Marine  
  41  6:04  Marine, Medivac  
  41  6:07  Cloaking Field  
  41  6:09  Factory Tech Lab  
  41  6:11  Factory Reactor  
  44  6:12  Barracks Reactor  
  44  6:25  Marine  
  45  6:34  Medivac  
  45  6:38  SCV  
  48  6:43  Marine  
  49  6:50  SCV  
  50  6:56  Marine x2  
  50  7:01  Marine  
  53  7:02  SCV  
  54  7:14  Marine x2, SCV  
  57  7:17  Terran Infantry Armor Level 1  
  57  7:27  SCV  
  58  7:31  Marine  
  58  7:32  Marine  
  60  7:49  Marine  
  61  7:57  Marine  
  62  8:16  Supply Depot  
  62  8:20  Orbital Command  
  62  8:22  Orbital Command  
  62  8:29  Refinery  
  62  8:31  Refinery  
  62  8:37  Marine x2  
  62  8:39  Supply Depot  
  65  9:38  Marauder  
  65  9:40  Marine x2  
  65  9:43  Medivac x2  
  71  9:46  Siege Tank  
  76  10:00  Marauder  
  76  10:03  Sensor Tower  
  76  10:11  Supply Depot  
  76  10:13  Viking  
  78  10:32  Siege Tank, Viking  
  78  10:33  Supply Depot, Marauder  
  85  10:54  Viking  
  85  10:56  Supply Depot  
  87  11:02  Viking  
  89  11:04  Siege Tank  
  92  11:15  Bunker  
  92  11:18  Supply Depot  
  40  11:47  Viking x2  
  44  12:10  Missile Turret  
  44  12:15  Missile Turret  
  44  12:17  Missile Turret, Viking x2  
  44  12:18  Missile Turret  
  37  12:30  Missile Turret  
  35  12:37  Missile Turret  
  35  12:38  Marine  
  35  12:39  Marine x2  
  37  12:47  Viking  
  37  12:48  Viking  
  37  12:49  Missile Turret  
  38  12:56  Marine  
  38  12:57  Marine x2  
  27  13:15  Marine  
Tags
 
Add a new tag
Caveats
  • Supply blocks, unpowered buildings, or Contaminate may cause inaccurate times.
  • Supply counts are checked every 10 seconds.